 Dungeon Crawl Stone Soup version 0.28-a0-1182-g381e24db82 (webtiles) character file.

Game seed: 10724870633014580780

16022 PlayingRandomsOnly the Martial Artist (level 12, -5/73 HPs)
             Began as a Tengu Transmuter on Dec 16, 2021.
             Was a Priest of Kikubaaqudgha.
             Succumbed to their own dark miasma
             ... on level 9 of the Dungeon on Dec 17, 2021.
             The game lasted 03:05:26 (13975 turns).

PlayingRandomsOnly the Martial Artist (TeTm)       Turns: 13975, Time: 03:05:27

Health: -5/73      AC:  7    Str: 18    XL:     12   Next: 33%
Magic:  15/25      EV: 19    Int: 16    God:    Kikubaaqudgha [***...]
Gold:   495        SH:  0    Dex: 16    Spells: 4/28 levels left

rFire   . . .      SeeInvis .   y - +2 spear (venom)
rCold   . . .      Faith    .   (no shield)
rNeg    . . .      Spirit   .   P - +0 steam dragon scales
rPois   .          Reflect  .   (helmet restricted)
rElec   .          Harm     .   B - +1 cloak
rCorr   .          Rampage  .   (no gloves)
Will    .....                   (boots unavailable)
Stlth   +++.......              (no amulet)
HPRegen 0.22/turn               A - ring of wizardry
MPRegen 0.19/turn               p - +6 ring of strength

@: lethally poisoned (-5 -> -57), flying quickly and evasively, very slightly
contaminated, quick
A: beak, talons 3, nimble flight
a: Renounce Religion, Receive Corpses


You were on level 9 of the Dungeon.
You worshipped Kikubaaqudgha.
Kikubaaqudgha was most pleased with you.
You visited 2 branches of the dungeon, and saw 13 of its levels.
You also visited: Sewer.

You collected 543 gold pieces.
You spent 48 gold pieces at shops.

Inventory:

Hand Weapons
 s - a +1 short sword of protection
 y - a +2 spear of venom (weapon)
Missiles
 h - 236 arrows
 r - 44 sling bullets
 w - 42 poisoned darts (quivered)
 G - 3 silver boomerangs
Armour
 B - a +1 cloak (worn)
 E - the +8 ring mail "Uteuf" {rC+++ rCorr MP-9 Dex-3}
   (You found it on level 5 of the Dungeon)

   Dex:       It affects your dexterity (-3).
   rC:        It renders you almost immune to cold.
   MP:        It affects your magic capacity (-9).
   rCorr:     It protects you from acid and corrosion.
 L - the +3 Mad Mage's Maulers {Infuse+∞ RegenMP Int-3}
   (You found it on level 7 of the Dungeon)

   It empowers its wearer's blows with all of their magic.
   It causes its wearer's magical reserves to regenerate more quickly.
   Int:       It affects your intelligence (-3).
 P - +0 steam dragon scales (worn)
Magical Staves
 q - a staff of death
Jewellery
 g - a ring of poison resistance
 i - an amulet of reflection
 l - a ring of protection from fire
 p - a +6 ring of strength (right hand)
 t - an amulet of guardian spirit
 A - a ring of wizardry (left hand)
 D - an amulet of magic regeneration
 F - a ring of protection from fire
 H - a ring of positive energy
Wands
 x - a wand of polymorph (8)
 N - a wand of mindburst (8)
 O - a wand of iceblast (2)
 Q - a wand of digging (4)
Scrolls
 d - 3 scrolls of teleportation
 f - 2 scrolls of enchant armour {unknown}
 j - 2 scrolls of fear {unknown}
 k - 2 scrolls of noise
 m - a scroll of amnesia {unknown}
 n - a scroll of magic mapping {unknown}
 C - a scroll of vulnerability {unknown}
 I - 2 scrolls of holy word {unknown}
 J - 2 scrolls of fog {unknown}
 K - a scroll of blinking {unknown}
Potions
 a - 2 potions of brilliance {unknown}
 b - a potion of magic
 c - 2 potions of mutation
 o - a potion of invisibility
 u - a potion of resistance {unknown}
 v - 6 potions of curing
 z - 3 potions of might
Miscellaneous
 e - a tin of tremorstones (inert)


   Skills:
 * Level 7.9 Fighting
 - Level 7.5 Dodging
 + Level 5.1 Stealth
 + Level 10.2 Unarmed Combat
 + Level 8.7 Spellcasting
 - Level 4.6 Necromancy
 - Level 8.0 Transmutations
 - Level 1.1 Ice Magic


You had 4 spell levels left.
You knew the following spells:

 Your Spells              Type           Power      Damage    Failure   Level
a - Beastly Appendage     Tmut           64%        N/A       1%          1
b - Spider Form           Tmut/Pois      19%        N/A       2%          3
c - Ice Form              Ice/Tmut       21%        N/A       6%          4
d - Pain                  Necr           84%        1d8       1%          1
e - Animate Skeleton      Necr           42%        N/A       1%          1
f - Vampiric Draining     Necr           21%        2d7       1%          3
g - Blade Hands           Tmut           16%        N/A       4%          5
h - Animate Dead          Necr           10%        N/A       6%          4
i - Corpse Rot            Necr/Air       28%        N/A       2%          2

Your spell library contained the following spells:

 Spells                   Type           Power      Damage    Failure   Level
 Sublimation of Blood     Necr           21%        N/A       1%          2
 Wereblood                Tmut           32%        N/A       1%          2
 Ignite Poison            Fire/Tmut/Pois 15%        N/A       4%          3
 Dispel Undead            Necr           21%        3d11      6%          4
 Inner Flame              Hex/Fire       6%         N/A       12%         3
 Portal Projectile        Hex/Tloc       12%        N/A       12%         3
 Cause Fear               Hex            3%         N/A       38%         4
 Fulminant Prism          Conj/Hex       3%         3d6       38%         4
 Iskenderun's Mystic Bla  Conj/Tloc      6%         2d4       38%         4
 Sticky Flame             Conj/Fire      6%         2d3       38%         4
 Agony                    Necr           21%        N/A       17%         5
 Excruciating Wounds      Necr           10%        N/A       17%         5
 Borgnjor's Vile Clutch   Necr/Erth      7%         N/A       41%         5
 Death Channel            Necr           10%        N/A       65%         6
 Lee's Rapid Deconstruct  Erth           3%         3d6*      71%         5
 Simulacrum               Ice/Necr       8%         N/A       86%         6
 Starburst                Conj/Fire      3%         6d3       99%         6
 Discord                  Hex            3%         N/A       100%        8


Dungeon Overview and Level Annotations

Branches:
Dungeon (9/15)             Temple (0/1) D:4            Lair (4/6) D:8
  Sewer (visited)
  Swamp: Lair:2-4    Shoals: Lair:2-4     Snake: Lair:2-4    Spider: Lair:2-4
    Orc: D:9-12

Altars:
Hepliaklqana
Kikubaaqudgha
Nemelex Xobeh
Uskayaw
Yredelemnul

Shops:
D:6 !(!*   D:7 (

Annotations:
Lair:2 exclusion: oklob plant
Lair:3 exclusion: oklob plant


Innate Abilities, Weirdness & Mutations

You have a beak for a mouth.
You have claws for feet.
Your magical nature lets you fly swiftly and evasively.


Message History

r - Retreat! s - Stop attacking. g - Guard the area. f - Follow me.
Anything else - Cancel.
You shout for attention!
You hear a shout!
You see here an iguana corpse.
You see here a wyvern corpse.
Things that are here:
a goblin corpse; an iguana corpse The orc priest calls down the wrath of Beogh upon you.
Beogh smites you!
The orc priest mumbles some strange prayers to Beogh against you.
Pain shoots through your body!
Casting: Corpse Rot (safe; 2% risk of failure)
Confirm with . or Enter, or press ? or * to list all spells.
You miscast Corpse Rot.
You are very lightly contaminated with residual magic.
Nothing appears to happen.
Casting: Corpse Rot (safe; 2% risk of failure)
Confirm with . or Enter, or press ? or * to list all spells.
You smell decay.
Press: ? - help, v - describe, . - travel The floor.
There is a cloud of foul pestilence here.
Really fly into that cloud of foul pestilence? [Y]es or [N]o only, please.
Really fly into that cloud of foul pestilence?
Okay, then.
Really fly into that cloud of foul pestilence? [Y]es or [N]o only, please.
Really fly into that cloud of foul pestilence?
You are engulfed in dark miasma.
You are lethally poisoned!
* * * LOW HITPOINT WARNING * * *
x2 You feel very sick.
The orc priest miscasts a cantrip.
You are engulfed in dark miasma.
You are more poisoned.
* * * LOW HITPOINT WARNING * * *
You die...
Kikubaaqudgha rasps: "You have failed me!
Welcome... death!"

#.#..######.#.####.#.#.##
. #.#..# #.#.# #.# #
..##.#..######.#.####.#.#
....o÷÷....##.÷....##.#.#
....÷÷..##.##÷÷÷÷.......#
....##.## ##.o÷÷..##.###
###. #.# #○☼....##.# #o
#.# ##.######.###.# o.
### #☼°@.........# .o
.########.###..... .o♣
..........# ... .o
.#######..# . #..# #.Z#
.. #..# #.# #..######. .#
.. #......##.#.#


There were no monsters in sight!

Vanquished Creatures
  4 hydras
  Pikel (D:7)
  4 elephants (Lair:2)
  Joseph (D:8)
  2 black mambas
  4 cane toads
  A rime drake (Lair:2)
  Maggie (D:8)
  4 polar bears
  3 blink frogs (Lair:4)
  Sigmund (D:2)
  A wyvern (D:9)
  9 yaks
  5 water moccasins
  2 orc warriors (D:8)
  2 ice beasts
  2 sky beasts
  3 black bears
  4 ogres
  5 wolves (Lair:2)
  4 centaurs
  A lemure (D:7)
  A phantom (D:4)
  3 kobold brigands
  10 bullfrogs
  A gnoll sergeant (D:8)
  A wyvern zombie (D:7)
  4 scorpions
  2 wyvern skeletons (D:6)
  A killer bee (D:9)
  4 jellies
  4 wights (D:7)
  2 howler monkeys (D:5)
  Crazy Yiuf (D:2)
  3 hounds
  A bullfrog skeleton (D:6)
  A gnoll shaman (D:5)
  2 centaur skeletons
  Jessica (D:2)
  7 iguanas
  A scorpion zombie (D:4)
  Natasha (twice) (D:3)
  An orc wizard (D:8)
  A killer bee zombie (D:8)
  A hound skeleton (D:4)
  A howler monkey zombie (D:5)
  14 gnolls
  7 adders
  2 river rats (Sewer)
  3 shadow imps
  2 white imps
  An adder zombie (D:4)
  A worm (D:3)
  2 dart slugs
  9 orcs
  8 ball pythons
  7 endoplasms
  7 giant cockroaches
  4 goblins
  13 hobgoblins
  3 jackals
  6 quokkas
  4 bats
  6 frilled lizards
  24 kobolds
  5 rats
248 creatures vanquished.

Vanquished Creatures (collateral kills)
  A cane toad (Lair:1)
  A rime drake (Lair:2)
  4 yaks
6 creatures vanquished.

Vanquished Creatures (others)
  17 fungi
  24 plants
41 creatures vanquished.

Grand Total: 295 creatures vanquished

Notes
Turn   | Place    | Note
-------+----------+-------------------------------------------
     0 | D:1      | PlayingRandomsOnly the Tengu Transmuter began the quest for
                  | the Orb.
     0 | D:1      | Reached XP level 1. HP: 12/12 MP: 4/4
   344 | D:1      | Reached XP level 2. HP: 13/16 MP: 6/6
   798 | D:1      | Reached XP level 3. HP: 10/20 MP: 7/7
  1173 | D:1      | Learned a level 3 spell: Spider Form
  1441 | D:2      | Reached skill level 4 in Unarmed Combat
  1450 | D:2      | Noticed Jessica
  1636 | D:2      | Noticed Sigmund
  1654 | D:3      | Noticed Natasha
  1777 | D:3      | Reached XP level 4. HP: 26/26 MP: 8/8
  1794 | D:3      | Found a glowing drain.
  1856 | Sewer    | Entered a sewer
  2033 | Sewer    | Noticed a kobold brigand
  2243 | Sewer    | Killed a kobold brigand
  2244 | Sewer    | Gained mutation: Your magical nature lets you fly swiftly
                  | and evasively. [Tengu growth]
  2244 | Sewer    | Reached XP level 5. HP: 29/30 MP: 9/9
  2291 | Sewer    | Found a white marble altar of Elyvilon.
  2355 | Sewer    | Learned a level 4 spell: Ice Form
  2553 | D:3      | Killed Natasha
  2588 | D:3      | Noticed Natasha
  2943 | D:3      | Reached skill level 5 in Unarmed Combat
  2943 | D:3      | Reached skill level 1 in Ice Magic
  3059 | D:3      | Found an ancient bone altar of Kikubaaqudgha.
  3508 | D:3      | Killed Natasha
  3509 | D:3      | Reached XP level 6. HP: 36/36 MP: 8/10
  3534 | D:3      | Became a worshipper of Kikubaaqudgha
  3835 | D:4      | Reached XP level 7. HP: 33/41 MP: 9/12
  4014 | D:4      | Found a staircase to the Ecumenical Temple.
  4052 | D:4      | Reached * piety under Kikubaaqudgha
  4052 | D:4      | Received a gift from Kikubaaqudgha
  4055 | D:4      | Learned a level 1 spell: Pain
  4057 | D:4      | Learned a level 1 spell: Animate Skeleton
  4068 | D:4      | Found a basalt altar of Yredelemnul.
  4075 | D:4      | Found a hide-covered altar of Uskayaw.
  4474 | D:2      | Found a faded altar of an unknown god.
  4820 | D:2      | Killed Jessica
  4821 | D:2      | Upgraded the game from 0.28-a0-1167-g616b1c6417 to
                  | 0.28-a0-1182-g381e24db82
  4936 | D:2      | Found a runed translucent door.
  4937 | D:2      | Noticed Crazy Yiuf
  4980 | D:2      | Killed Crazy Yiuf
  5346 | D:2      | Killed Sigmund
  5347 | D:2      | Reached XP level 8. HP: 39/48 MP: 2/14
  5496 | D:5      | Entered Level 5 of the Dungeon
  5559 | D:5      | Reached skill level 5 in Transmutations
  5710 | D:5      | Learned a level 3 spell: Vampiric Draining
  6040 | D:5      | Reached skill level 5 in Fighting
  6040 | D:5      | Reached skill level 1 in Necromancy
  6643 | D:5      | Identified the +8 ring mail "Uteuf" {rC+++ rCorr MP-9
                  | Dex-3}
  6663 | D:5      | Reached XP level 9. HP: 50/54 MP: 14/17
  6924 | D:6      | Found Geca's Distillery.
  7009 | D:6      | Reached skill level 5 in Spellcasting
  7050 | D:6      | Bought a potion of might for 48 gold pieces
  7152 | D:6      | Learned a level 5 spell: Blade Hands
  7153 | D:6      | Found Vacach's Distillery.
  7155 | D:6      | Found Gaqesi Lija's Weapon Boutique.
  7176 | D:6      | Reached skill level 6 in Unarmed Combat
  7203 | D:5      | Reached ** piety under Kikubaaqudgha
  7466 | D:6      | Found Ziurid's Assorted Antiques.
  7796 | D:7      | Noticed Pikel
  7814 | D:7      | Killed Pikel
  7815 | D:7      | Reached skill level 5 in Dodging
  7815 | D:7      | Reached skill level 7 in Unarmed Combat
  7815 | D:7      | Reached XP level 10. HP: 45/59 MP: 9/20
  7833 | D:7      | Found Ilom's Antique Weapon Shoppe.
  8046 | D:7      | Found a sparkling altar of Nemelex Xobeh.
  8303 | D:7      | Found the +3 Mad Mage's Maulers {Infuse+∞ RegenMP Int-3}
  9317 | D:8      | Learned a level 4 spell: Animate Dead
  9348 | D:8      | Noticed Joseph
  9372 | D:8      | Noticed Maggie
  9380 | D:8      | Reached *** piety under Kikubaaqudgha
  9380 | D:8      | Received a gift from Kikubaaqudgha
  9385 | D:8      | Reached skill level 8 in Unarmed Combat
  9715 | D:8      | Killed Maggie
  9748 | D:8      | Killed Joseph
  9836 | D:8      | Found a staircase to the Lair.
 10368 | Lair:1   | Entered Level 1 of the Lair of Beasts
 10387 | Lair:1   | Reached XP level 11. HP: 41/63 MP: 9/23
 10676 | Lair:1   | Noticed a seven-headed hydra
 10709 | Lair:1   | Killed a seven-headed hydra
 10710 | Lair:1   | Reached skill level 1 in Stealth
 11038 | Lair:1   | Reached skill level 9 in Unarmed Combat
 11533 | Lair:2   | Got the Compendium of Toxins and Blows and Bruises
 11606 | Lair:1   | HP: 3/63 [poisoned by a cane toad]
 12101 | Lair:2   | Learned a level 2 spell: Corpse Rot
 12117 | Lair:2   | Found a hazy altar of Hepliaklqana.
 12117 | Lair:2   | Noticed an oklob plant
 12194 | Lair:2   | Noticed a four-headed hydra
 12221 | Lair:2   | Killed a four-headed hydra
 12928 | Lair:3   | Reached XP level 12. HP: 61/71 MP: 20/25
 13064 | Lair:3   | Reached skill level 10 in Unarmed Combat
 13244 | Lair:3   | Noticed an eight-headed hydra
 13245 | Lair:3   | Noticed a seven-headed hydra
 13279 | Lair:3   | Killed an eight-headed hydra
 13321 | Lair:3   | Noticed a catoblepas
 13825 | D:9      | Noticed a seven-headed hydra
 13876 | D:9      | Killed a seven-headed hydra
 13877 | D:9      | Reached skill level 5 in Stealth
 13975 | D:9      | Succumbed to their own dark miasma

Illustrated notes

Levels and vault maps discovered:
D:1:      matt_arrival_los_fun, layout_basic, hangedman_decor_peaks_small,
          kennysheep_decorative_pillar
D:2:      layout_basic, shapermc_ecumenical_altar_mp_highgroup,
          minmay_distorted, uniq_jessica, uniq_sigmund, uniq_crazy_yiuf_cottage
D:3:      cheibrodos_helix_gallery, layout_basic, kiku_gazebo_pond_becter,
          portal_sewer_entry_a, kennysheep_doodads, grunt_ministairs_2,
          chequers_mini_garden, uniq_natasha
D:4:      layout_gridville, mainiacjoe_overflow_catwalk_spiral,
          minmay_temple_entry_ruins, minmay_pentangle
D:5:      layout_gridville, minmay_misc_feat_nine_boxes
D:6:      layout_rooms, serial_shops, shop, shop, nicolae_shop_trees, shop,
          minmay_fountain_box, sigmund_army
D:7:      layout_basic, nemelex_dance_club_becter, serial_rivers,
          chequers_serial_rivers_large_b, chequers_serial_rivers_room_a,
          chequers_serial_rivers_small_3, chequers_serial_rivers_large_a,
          chequers_serial_rivers_micro_d, serial_shops, nicolae_shop_trees,
          lemuel_flamethrower_1, uniq_pikel
D:8:      layout_loops_ring, grunt_lair_entry_orc_guard_hut, uniq_maggie,
          uniq_joseph
D:9:      layout_basic, serial_shops, kennysheep_little_box,
          grunt_ministairs_14, lightli_minifort
Lair:1:   layout_regular_city, grunt_megastairs_4
Lair:2:   layout_gridlike, lemuel_oklob_altar
Lair:3:   minmay_lair_oklob_tunnel, layout_hall_layers, lemuel_fruit_tree,
          uniq_rupert
Lair:4:   layout_regular_city, minmay_shoals_entry_beasts,
          spider_nest_entry_webs, lemuel_fruit_fields

Skill      XL: |  1  2  3  4  5  6  7  8  9 10 11 12 |
---------------+-------------------------------------+-----
Unarmed Combat | 4 5 7 8 9 10 | 10.2
Transmutations | 2 3 4 5 7 8 |  8.0
Dodging        | 3 5 7 |  7.5
Fighting       | 2 3 4 5 6 7 |  7.9
Ice Magic      | 1 |  1.1
Spellcasting   | 3 4 6 7 8 |  8.7
Necromancy     | 2 4 |  4.6
Stealth        | 4 5 |  5.1

Action                   |  1- 3 |  4- 6 |  7- 9 | 10-12 || total
-------------------------+-------+-------+-------+-------++-------
Melee: Hand axe          |    56 |       |       |       ||    56
       Peck              |    12 |    16 |    39 |    32 ||    99
       Kick              |    15 |    28 |    61 |    60 ||   164
       Headbutt          |    11 |     8 |     8 |       ||    27
       Punch             |     2 |     3 |     8 |    14 ||    27
       Short sword       |    35 |    84 |       |       ||   119
       Spear             |       |    19 |   225 |    46 ||   290
       Unarmed           |       |       |    32 |   222 ||   254
Throw: Stone             |     1 |    13 |       |       ||    14
       Dart              |       |     9 |    36 |    23 ||    68
 Cast: Beastly Appendage |    18 |    11 |     5 |     1 ||    35
       Animate Skeleton  |       |       |    30 |    30 ||    60
       Pain              |       |       |     1 |     9 ||    10
       Vampiric Draining |       |       |     4 |       ||     4
       Blade Hands       |       |       |     4 |    23 ||    27
       Ice Form          |       |       |     1 |    14 ||    15
       Animate Dead      |       |       |       |     2 ||     2
       Corpse Rot        |       |       |       |     3 ||     3
Invok: Receive Corpses   |       |       |     4 |     5 ||     9
Evoke: Wand              |       |       |       |    18 ||    18
       Tin of tremorston |       |       |       |     2 ||     2
  Use: Potion            |       |       |     1 |     4 ||     5
       Scroll            |       |       |     8 |     1 ||     9
 Stab: Sleeping          |       |       |     2 |     3 ||     5
Armor: Robe              |    18 |    19 |    29 |    12 ||    78
       Skin              |       |       |     1 |    24 ||    25
       Steam dragon scal |       |       |       |    15 ||    15
Dodge: Dodged            |    47 |    64 |   152 |   203 ||   466
Block: Other             |    10 |     1 |       |       ||    11

Table legend: (Time is in decaauts)
 A = Elapsed time spent in this place.
 B = Non-inter-level travel time spent in this place.
 C = Inter-level travel time spent in this place.
 D = Time resting spent in this place.
 E = Time spent auto-exploring this place.
 F = Levels seen in this place.
 G = Mean time per level.
                   A        B        C        D        E       F      G
               +--------+--------+--------+--------+--------+-----+--------+
         Total |  13334 |  12975 |    359 |   2339 |   4422 |  14 |  952.4 |
       Dungeon |   9854 |   9560 |    294 |   1412 |   3570 |   9 | 1094.9 |
          Lair |   2935 |   2871 |     64 |    736 |    852 |   4 |  733.8 |
         Sewer |    543 |    543 |      0 |    191 |      0 |   1 |  543.0 |
               +--------+--------+--------+--------+--------+-----+--------+

Top non-repeatable levels by time:
     D:2: 1567 daAuts
     D:1: 1420 daAuts
     D:7: 1411 daAuts
  Lair:1: 1392 daAuts
     D:5: 1307 daAuts
     D:8: 1097 daAuts
  Lair:2: 1003 daAuts
     D:3: 980 daAuts
     D:6: 936 daAuts
     D:4: 860 daAuts
   Sewer: 543 daAuts
  Lair:3: 510 daAuts
     D:9: 272 daAuts
  Lair:4: 29 daAuts
